 Dungeon Crawl Stone Soup version 0.31-a0-988-g08d55dae12 (webtiles) character file.

Game seed: 13862935573300210434

69 Pixllover the Chopper (level 4, -9/35 (40) HPs)
             Began as a Hill Orc Monk on Nov 5, 2023.
             Was an Initiate of Yredelemnul.
             Mangled by a wight
             ... wielding a +4 scimitar
              (11 damage)
             ... on level 4 of the Dungeon.
             The game lasted 00:04:29 (2746 turns).

Pixllover the Chopper (Hill Orc Monk)               Turns: 2746, Time: 00:04:30

HP:   -9/35 (40)    AC:  8    Str: 15    XL:     4   Next: 20%
MP:   4/4           EV:  7    Int: 10    God:    Yredelemnul [......]
Gold: 136           SH:  0    Dex: 13    Spells: 3/3 levels left

rFire   . . .        a - +0 hand axe
rCold   . . .        d - orb {light}
rNeg    . . .        i - +0 chain mail
rPois   .            (no helmet)
rElec   .            (no cloak)
rCorr   .            (no gloves)
SInv    .            (no boots)
Will    .....        l - amulet of regeneration Stlth
                     (no ring)
HPRegen 1.05/turn    (no ring)
MPRegen 0.09/turn

%: no passive effects
@: glowing, heavily drained
A: no striking features
a: Renounce Religion, Recall Undead Harvest


You were on level 4 of the Dungeon.
You worshipped Yredelemnul.
Yredelemnul was noncommittal.
You visited 1 branch of the dungeon, and saw 4 of its levels.

You collected 136 gold pieces.

Inventory:

Hand Weapons
 a - a +0 hand axe (weapon)
Armour
 d - an orb of light (worn)
 i - a +0 chain mail (worn)
Jewellery
 l - an amulet of regeneration (around neck)
Scrolls
 b - 2 scrolls of fog {unknown}
 f - a scroll of poison {unknown}
 h - 2 scrolls of teleportation {unknown}
 j - a scroll of noise {unknown}
 k - a scroll of acquirement {unknown}
 m - a scroll of enchant weapon {unknown}
Potions
 c - a potion of ambrosia
 e - a potion of berserk rage {unknown}
 g - a potion of mutation {unknown}


   Skills:
 + Level 3.9 Fighting
 + Level 5.3 Axes
 + Level 1.3 Armour
 + Level 2.8 Dodging
 + Level 0.4 Stealth


You had 3 spell levels left.
You didn't know any spells.
Your spell library contained the following spells:

 Spells                   Type           Power      Damage    Failure   Level
 Shock                    Conj/Air       0%         1d3       99%         1


Dungeon Overview and Level Annotations

Branches:
Dungeon (4/15)
 Temple: D:4-7

Altars:
Yredelemnul


Message History

There is an entrance to an ossuary on this level.
Hurry and find it before the portal is buried!
There is a stone staircase leading up here.
Found a glowing quarterstaff.
You see here a +2 spectral quarterstaff.
Found a stone staircase leading up.
A wight comes into view. It is wielding a +0 dagger.
A wight comes into view. It is wielding a +0 long sword.
A wight comes into view. It is wielding a +4 scimitar.
The wight hits you but does no damage.
You hit the wight but do no damage. The wight hits you with a +0 dagger.
You feel drained.
You hit the wight but do no damage. x2; The wight hits you but does no damage.
The wight hits you with a +0 long sword.
You hit the wight but do no damage. You hit the wight.
The wight barely misses you.
The wight hits you with a +0 long sword.
You feel drained.
You hit the wight but do no damage. You barely miss the wight.
The wight hits you but does no damage.
The wight hits you with a +0 long sword.
You feel drained.
You barely miss the wight. x2
The wight hits you with a +0 long sword!
You hit the wight.
The wight is lightly damaged.
You hit the wight. x2; The wight hits you but does no damage.
The wight hits you with a +4 scimitar. The wight hits you but does no damage.
You hit the wight but do no damage.
The wight is lightly damaged.
You hit the wight but do no damage. You hit the wight.
The wight hits you but does no damage. The wight hits you with a +4 scimitar!
* * * LOW HITPOINT WARNING * * *
You feel drained.
* * * LOW HITPOINT WARNING * * *
The wight hits you with a +0 long sword.
* * * LOW HITPOINT WARNING * * *
The wight attacks as it pursues you! The wight closely misses you.
The wight attacks as it pursues you! The wight hits you with a +4 scimitar!
You die...
Your body rises from the dead as a mindless zombie.

........#........###
.##.##..............
# #.##.##.###.##. #.
#.#...#)# .# #
...#.......###.##.#
..........#...#.###.
.#..........#...<...
#.#...####...#
##.##@######.##
#...zz.......#
......z..######.#
......#### #.#
##.#.# ### #... #..
##


You could see 3 wights.

Vanquished Creatures
  An adder (D:3)
  3 dart slugs
  4 orcs (D:3)
  5 endoplasms
  2 goblins
  4 hobgoblins
  3 quokkas
  3 ball pythons
  5 bats
  5 frilled lizards
  4 kobolds
  5 rats
44 creatures vanquished.

Vanquished Creatures (collateral kills)
  A ball python (D:2)
  An endoplasm (D:2)
  A giant cockroach (D:3)
  A goblin (D:3)
  A kobold (D:2)
  2 rats
7 creatures vanquished.

Vanquished Creatures (others)
  A quokka zombie (D:2)
1 creature vanquished.

Grand Total: 52 creatures vanquished

Notes
Turn   | Place    | Note
-------+----------+-------------------------------------------
     0 | D:1      | Pixllover the Hill Orc Monk began the quest for the Orb.
     0 | D:1      | Reached XP level 1. HP: 19/19 MP: 1/1
   178 | D:1      | Reached XP level 2. HP: 22/27 MP: 2/2
   670 | D:1      | Reached XP level 3. HP: 31/33 MP: 3/3
   885 | D:2      | Identified the of Fenakh Dytzi
  1034 | D:2      | Found a faded altar of an unknown god.
  1055 | D:2      | Prayed at the altar of an unknown god.
  1055 | D:2      | Became a worshipper of Yredelemnul the Dark
  1055 | D:2      | Reached * piety under Yredelemnul
  1055 | D:2      | Reached ** piety under Yredelemnul
  1884 | D:3      | Reached skill level 5 in Axes
  1960 | D:3      | Reached skill level 1 in Armour
  1996 | D:3      | Reached XP level 4. HP: 24/40 MP: 4/4
  2745 | D:4      | HP: 1/35 [wight/+0 long sword (4)]
  2746 | D:4      | Mangled by a wight

Illustrated notes

Levels and vault maps discovered:
D:1:      lemuel_arrival_behind_the_door_large, layout_loops_ring,
          nicolae_houndstooth_variations
D:2:      layout_loops_corners, shapermc_ecumenical_altar_rom_forum,
          kennysheep_generic_room_10
D:3:      layout_basic, minmay_misc_feat_hallway,
          nicolae_concentric_dashed_squares_wild
D:4:      layout_loops_ring, minmay_temple_entry_tees, enter_ossuary_2,
          kennysheep_generic_room_4, uniq_blork_the_orc

Skill      XL: |  1  2  3 |
---------------+----------+-----
Axes           | 5 |  5.3
Armour         | 1 |  1.3
Fighting       | |  3.9
Dodging        | |  2.8
Stealth        | |  0.4

Action                     |  1- 3 |  4- 6 || total
---------------------------+-------+-------++-------
  Melee: Hand axe          |   115 |    21 ||   136
 Invoke: Recall Undead Har |       |     1 ||     1
   Stab: Distracted        |     1 |       ||     1
 Armour: Robe              |    10 |       ||    10
         Ring mail         |    19 |       ||    19
         Chain mail        |    60 |    30 ||    90
  Dodge: Dodged            |    45 |     6 ||    51

Table legend: (Time is in decaauts)
 A = Elapsed time spent in this place.
 B = Non-inter-level travel time spent in this place.
 C = Inter-level travel time spent in this place.
 D = Time resting spent in this place.
 E = Time spent auto-exploring this place.
 F = Levels seen in this place.
 G = Mean time per level.
                   A        B        C        D        E       F      G
               +--------+--------+--------+--------+--------+-----+--------+
         Total |   2754 |   2718 |     36 |     34 |   1869 |   4 |  688.5 |
       Dungeon |   2754 |   2718 |     36 |     34 |   1869 |   4 |  688.5 |
               +--------+--------+--------+--------+--------+-----+--------+

Top non-repeatable levels by time:
     D:2: 917 daAuts
     D:3: 910 daAuts
     D:1: 890 daAuts
     D:4: 35 daAuts
